 Dungeon Crawl Stone Soup version 0.31-a0-806-g0bc164a743 (webtiles) character file.

Game seed: 16792780231801172721

301 CrazyBamboolord the Changeling (level 6, 0/43 HPs)
             Began as a Human Shapeshifter on Sept 21, 2023.
             Was an Initiate of Ru.
             Slain by a gnoll sergeant
             ... wielding a +3 trident of venom
              (1 damage)
             ... on level 4 of the Dungeon.
             The game lasted 00:05:34 (3707 turns).

CrazyBamboolord the Changeling (Human Shapeshifter) Turns: 3707, Time: 00:05:34

Health: 0/43       AC:  5    Str: 16    XL:     6   Next: 64%
Magic:  6/6        EV: 11    Int: 10    God:    Ru [......]
Gold:   205        SH:  0    Dex: 13    Spells: 5/5 levels left

rFire   + .          .
                       - Unarmed
rCold   . . .        (no shield)
rNeg    . . .        i - +0 ring mail
rPois   .            (helmet currently unavailable)
rElec   .            (cloak currently unavailable)
rCorr   .            (gloves currently unavailable)
SInv    .            (boots currently unavailable)
Will    .....        (no amulet)
Stlth   +            j - ring of protection from fire
HPRegen 0.27/turn    (no ring)
MPRegen 0.10/turn

%: no passive effects
@: lethally poisoned (0 -> -13), beast-form
A: beast (slay +3)
a: Begin Untransformation, Renounce Religion


You were on level 4 of the Dungeon.
You worshipped Ru.
Ru was noncommittal.
You were a hulking beast.
You visited 1 branch of the dungeon, and saw 4 of its levels.

You collected 205 gold pieces.

Inventory:

Missiles
 m - 2 throwing nets
Armour
 i - a +0 ring mail (worn)
 n - a +0 helmet
 q - a scarf of repulsion
Jewellery
 j - a ring of protection from fire (left hand)
Talismans
 c - a beast talisman (active)
 d - a flux talisman
Scrolls
 b - a scroll of enchant weapon {unknown}
 f - a scroll of teleportation {unknown}
 g - a scroll of enchant armour {unknown}
 h - 2 scrolls of amnesia {unknown}
 k - 2 scrolls of fog
 l - a scroll of brand weapon {unknown}
 r - a scroll of identify
Potions
 a - 2 potions of attraction
 p - a potion of cancellation


   Skills:
 - Level 1.0 Fighting
 - Level 2.0 Dodging
 - Level 3.0 Unarmed Combat
 + Level 6.5 Shapeshifting


You had 5 spell levels left.
You didn't know any spells.
Your spell library contained the following spells:

 Spells                   Type           Power      Damage    Failure   Level
 Ensorcelled Hibernation  Hex/Ice        0%         N/A       73%         2
 Passwall                 Tmut/Erth      0%         N/A       73%         2
 Swiftness                Air            0%         N/A       91%         3


Dungeon Overview and Level Annotations

Branches:
Dungeon (4/15)
 Temple: D:4-7

Altars:
Cheibriados
Fedhas
Qazlal
Ru
Trog
Yredelemnul


Message History

* * * LOW HITPOINT WARNING * * *
You are more poisoned.
The gnoll hits you from afar with a +0 spear.
* * * LOW HITPOINT WARNING * * *
The gnoll hits you with a +0 flail.
* * * LOW HITPOINT WARNING * * *
Your hobgoblin hits the gnoll.
You feel much better.
You feel extremely sick. The gnoll sergeant barely misses you.
The gnoll closely misses you. The gnoll barely misses you.
Your goblin hits the gnoll but does no damage.
Your hobgoblin completely misses the gnoll.
You feel extremely sick.
Your quokka bites the gnoll but does no damage.
A goblin comes into view. It is wielding a +0 club.
The gnoll hits your quokka with a +0 flail.
Your goblin hits the gnoll with a +0 dagger.
Your hobgoblin hits the gnoll.
Unknown command.
* * * LOW HITPOINT WARNING * * *
You feel very sick.
Your quokka bites the gnoll.
Something barely misses your hobgoblin. The gnoll closely misses your quokka.
Your hobgoblin hits the gnoll.
Your goblin barely misses the gnoll.
Your quokka bites the gnoll.
The gnoll dies!
Unknown command.
* * * LOW HITPOINT WARNING * * *
You feel very sick. Something misses your hobgoblin.
The gnoll sergeant attacks as it pursues you!
The gnoll sergeant closely misses you.
Your quokka bites the gnoll sergeant.
Your goblin barely misses the gnoll.
Okay, then.
As you read the scroll of summoning, it crumbles to dust.
Wisps of shadow whirl around you...
* * * LOW HITPOINT WARNING * * *
You feel very sick.
The gnoll sergeant hits you from afar with a +3 trident of venom.
You die...

....# #...# . ##...# ..
#....##..## #......<..#
###########.gg# ..#
###........##g..##...
+......#r..ggg.......
#......'Kh.grg..##########
##..##'###B###..##..##...#
#######..##.###g###..##.......#
#........#....#g.#...#........#
#........#....#..'...#........#
######'###.###.##############'###
.###..)###+###.###.##.###.###...#
..#.....#.......................#
..#.....#.......................#


You could see a gnoll sergeant (ally target), 2 gnolls, a hobgoblin, a goblin, 3
friendly gnolls, 2 friendly quokkas, a friendly giant cockroach (summoned), a
friendly hobgoblin (summoned), a friendly goblin (summoned) and a friendly
kobold (summoned).

Vanquished Creatures
  An ogre (D:4)
  Robin (D:3)
  7 adders
  A gnoll (D:1)
  2 worms (D:2)
  A dart slug (D:3)
  2 orcs (D:3)
  10 ball pythons
  15 bats
  7 endoplasms
  2 giant cockroaches
  19 goblins
  7 hobgoblins
  7 jackals (D:3)
  7 quokkas
  9 frilled lizards
  10 kobolds
  3 rats
111 creatures vanquished.

Vanquished Creatures (collateral kills)
  A gnoll (D:4)
1 creature vanquished.

Grand Total: 112 creatures vanquished

Notes
Turn   | Place    | Note
-------+----------+-------------------------------------------
     0 | D:1      | CrazyBamboolord the Human Shapeshifter began the quest for
                  | the Orb.
     0 | D:1      | Reached XP level 1. HP: 15/15 MP: 1/1
   170 | D:1      | Reached XP level 2. HP: 15/21 MP: 2/2
   551 | D:1      | Reached skill level 4 in Shapeshifting
   551 | D:1      | Reached XP level 3. HP: 18/26 MP: 3/3
   768 | D:2      | Reached XP level 4. HP: 31/32 MP: 4/4
  1661 | D:2      | Reached skill level 5 in Shapeshifting
  1739 | D:3      | Found a snail-covered altar of Cheibriados.
  1767 | D:3      | Reached XP level 5. HP: 36/37 MP: 5/5
  2305 | D:3      | Noticed Robin
  2355 | D:3      | Killed Robin
  2838 | D:3      | Found a sacrificial altar of Ru.
  2844 | D:3      | Found a bloodstained altar of Trog.
  2873 | D:3      | Found a blossoming altar of Fedhas.
  2898 | D:3      | Became a worshipper of Ru the Awakened
  2904 | D:3      | Found a basalt altar of Yredelemnul.
  2917 | D:3      | Found a stormy altar of Qazlal.
  3140 | D:4      | Noticed an ogre
  3152 | D:4      | Killed an ogre
  3153 | D:4      | Reached skill level 6 in Shapeshifting
  3153 | D:4      | Reached XP level 6. HP: 43/43 MP: 6/6
  3701 | D:4      | HP: 1/43 [gnoll sergeant/+3 trident of venom (10)]
  3707 | D:4      | HP: 1/43 [poisoned by a gnoll sergeant]
  3707 | D:4      | Slain by a gnoll sergeant

Illustrated notes

Levels and vault maps discovered:
D:1:      eino_arrival_druids_welcome, layout_basic,
          amcnicky_mini_corridor_feature
D:2:      minmay_razor_zed, layout_basic, serial_park_tiny_1
D:3:      kennysheep_goblin_castle, layout_loops_corners,
          general_overflow_altar, minmay_overflow_temple_star_hex,
          roderic_batcave
D:4:      layout_gridville

Skill      XL: |  1  2  3  4  5 |
---------------+----------------+-----
Shapeshifting  | 4 5 6 |  6.5
Fighting       | |  1.0
Dodging        | |  2.0
Unarmed Combat | |  3.0

Action                     |  1- 3 |  4- 6 || total
---------------------------+-------+-------++-------
  Melee: Unarmed           |    58 |   283 ||   341
         Punch             |     1 |     5 ||     6
    Use: Scroll            |       |     7 ||     7
         Potion            |       |     3 ||     3
 Armour: Animal skin       |     8 |       ||     8
         Ring mail         |    20 |   185 ||   205
         Skin              |       |     5 ||     5
  Dodge: Dodged            |    27 |   192 ||   219

Table legend: (Time is in decaauts)
 A = Elapsed time spent in this place.
 B = Non-inter-level travel time spent in this place.
 C = Inter-level travel time spent in this place.
 D = Time resting spent in this place.
 E = Time spent auto-exploring this place.
 F = Levels seen in this place.
 G = Mean time per level.
                   A        B        C        D        E       F      G
               +--------+--------+--------+--------+--------+-----+--------+
         Total |   3688 |   3379 |    309 |     57 |   2566 |   4 |  922.0 |
       Dungeon |   3688 |   3379 |    309 |     57 |   2566 |   4 |  922.0 |
               +--------+--------+--------+--------+--------+-----+--------+

Top non-repeatable levels by time:
     D:3: 1394 daAuts
     D:2: 995 daAuts
     D:1: 714 daAuts
     D:4: 584 daAuts
